| TOP OF THE 1ST |
|
Oklahoma State University Cowboys batting - Pitching for Wichita State University Shockers : RHP Andres Guillen
|
|
Pitching: RHP Andres Guillen
|
|
|
Batting: RHB Wiliama Dana
|
0-0: Called Strike 0-1: Ball 1-1: Swinging Strike 1-2: Fly out, F8 (Line Drive, 8RD, EV 95.6 MPH)
|
|
Batting: RHB Larry Clark
|
0-0: Ball 1-0: Fly out, F1 (Line Drive, P, EV 68.1 MPH)
|
|
Batting: LHB John Fortin
|
0-0: Called Strike 0-1: Swinging Strike 0-2: Foul Ball, location: 2F 0-2: Ball 1-2: Ball 2-2: Foul Ball, location: 2F 2-2: Ball 3-2: Ground out 5-3 (Groundball, 5, EV 93.8 MPH)
|
| Top of the 1st over - 0 runs, 0 hits, 0 errors, 0 left on base; Oklahoma State University 0 - Wichita State University 0 |
| BOTTOM OF THE 1ST |
|
Wichita State University Shockers batting - Pitching for Oklahoma State University Cowboys : RHP Nesty Pulido
|
|
Pitching: RHP Nesty Pulido
|
|
|
Batting: RHB Jonathan Iniguez
|
0-0: Called Strike 0-1: Ball 1-1: Called Strike 1-2: SINGLE (Groundball, 23, EV 73.1 MPH) (infield hit)
|
|
Batting: RHB Taffounnout Kame
|
0-0: Called Strike 0-1: Foul Ball, location: 2F 0-2: Ball 1-2: Ball 2-2: SINGLE (Groundball, 5D, EV 101.9 MPH) Jonathan Iniguez to second
|
|
Batting: RHB Zach Maguire
|
0-0: Called Strike 0-1: Grounds into double play, 6-4-3 (Groundball, 6, EV 86.9 MPH) Jonathan Iniguez to third
|
|
Batting: LHB Sam Williams
|
0-0: Called Strike 0-1: Fly out, F8 (Flyball, 8RM, EV 91.9 MPH)
|
| Bottom of the 1st over - 0 runs, 2 hits, 0 errors, 1 left on base; Oklahoma State University 0 - Wichita State University 0 |
| TOP OF THE 2ND |
|
Oklahoma State University Cowboys batting - Pitching for Wichita State University Shockers : RHP Andres Guillen
|
|
Batting: LHB Ian Cranton
|
0-0: Ball 1-0: Ball 2-0: Called Strike 2-1: Swinging Strike 2-2: Ball 3-2: Fly out, F9 (Flyball, 89M, EV 87.5 MPH)
|
|
Batting: LHB Orlando Rivera
|
0-0: Ball 1-0: DOUBLE (Groundball, 3L, EV 105.0 MPH)
|
|
Batting: RHB Robbie Gomez
|
0-0: Called Strike 0-1: Ball 1-1: Foul Ball, location: 2F 1-2: Strikes out looking
|
|
Batting: SHB Chris Wagler
|
0-0: Foul Ball, location: 2F 0-1: Ball 1-1: Ball 2-1: Ball 3-1: Base on Balls
|
|
Batting: RHB Mario Arriero
|
0-0: Called Strike 0-1: Ball 1-1: Fly out, F1 (Line Drive, P, EV 73.1 MPH)
|
| Top of the 2nd over - 0 runs, 1 hit, 0 errors, 2 left on base; Oklahoma State University 0 - Wichita State University 0 |
| BOTTOM OF THE 2ND |
|
Wichita State University Shockers batting - Pitching for Oklahoma State University Cowboys : RHP Nesty Pulido
|
|
Batting: RHB Alex Campos
|
0-0: Swinging Strike 0-1: Swinging Strike 0-2: Foul Ball, location: 2F 0-2: Ball 1-2: Foul Ball, location: 2F 1-2: Strikes out swinging
|
|
Batting: RHB Kieron Clark
|
0-0: Ball 1-0: Swinging Strike 1-1: Ground out U3 (Groundball, 34, EV 96.3 MPH)
|
|
Batting: SHB Houston Phillips
|
0-0: Ball 1-0: Foul Ball, location: 2F 1-1: Ball 2-1: Ground out 6-3 (Groundball, 6M, EV 99.4 MPH)
|
| Bottom of the 2nd over - 0 runs, 0 hits, 0 errors, 0 left on base; Oklahoma State University 0 - Wichita State University 0 |
| TOP OF THE 3RD |
|
Oklahoma State University Cowboys batting - Pitching for Wichita State University Shockers : RHP Andres Guillen
|
|
Batting: SHB Greg Shaw
|
0-0: Ball 1-0: Ball 2-0: Ground out 3-1 (Groundball, 34S, EV 71.3 MPH)
|
|
Batting: RHB Wiliama Dana
|
0-0: Swinging Strike 0-1: Ball 1-1: Ball 2-1: Ball 3-1: Called Strike 3-2: Foul Ball, location: 2F 3-2: Base on Balls
|
|
Batting: RHB Larry Clark
|
0-0: Ball 1-0: Ball Wiliama Dana is caught stealing 2nd base 2-4 2-0: Ball 3-0: Base on Balls
|
|
Batting: LHB John Fortin
|
0-0: Called Strike Larry Clark steals 2nd base 0-1: Ball 1-1: Foul Ball, location: 2F 1-2: Ball 2-2: Fly out, F8 (Flyball, 8LXD, EV 98.8 MPH)
|
| Top of the 3rd over - 0 runs, 0 hits, 0 errors, 1 left on base; Oklahoma State University 0 - Wichita State University 0 |
| BOTTOM OF THE 3RD |
|
Wichita State University Shockers batting - Pitching for Oklahoma State University Cowboys : RHP Nesty Pulido
|
|
Batting: RHB Yutaka Yamane
|
0-0: Swinging Strike 0-1: Ball 1-1: Ball 2-1: Called Strike 2-2: Strikes out swinging
|
|
Batting: RHB Victor Ramirez
|
0-0: Called Strike 0-1: Ball 1-1: Ball 2-1: Ground out 6-3 (Groundball, 6, EV 89.4 MPH)
|
|
Batting: RHB Jonathan Iniguez
|
0-0: Ball 1-0: Ground out 5-3 (Groundball, 56S, EV 81.3 MPH)
|
| Bottom of the 3rd over - 0 runs, 0 hits, 0 errors, 0 left on base; Oklahoma State University 0 - Wichita State University 0 |
| TOP OF THE 4TH |
|
Oklahoma State University Cowboys batting - Pitching for Wichita State University Shockers : RHP Andres Guillen
|
|
Batting: LHB Ian Cranton
|
0-0: Called Strike 0-1: Foul Ball, location: 2F 0-2: Ball 1-2: Ground out 5-3 (Groundball, 56S, EV 78.1 MPH)
|
|
Batting: LHB Orlando Rivera
|
0-0: Ball 1-0: Called Strike 1-1: Called Strike 1-2: SINGLE (Groundball, 34D, EV 100.0 MPH)
|
|
Batting: RHB Robbie Gomez
|
0-0: Ball 1-0: Called Strike 1-1: Foul Ball, location: 2F 1-2: Ball 2-2: Fielders Choice at 2nd, 3-6 (Groundball, 3, EV 83.8 MPH)
|
|
Batting: SHB Chris Wagler
|
0-0: SINGLE (Groundball, 5S, EV 60.0 MPH) (infield hit) Robbie Gomez to second
|
|
Batting: RHB Mario Arriero
|
0-0: SINGLE (Line Drive, 4MD, EV 102.5 MPH) Robbie Gomez to third Chris Wagler to second
|
|
Batting: SHB Greg Shaw
|
0-0: Ball 1-0: Ball 2-0: Ball 3-0: Foul Ball, location: 2F 3-1: Called Strike 3-2: Base on Balls Robbie Gomez scores Chris Wagler to third Mario Arriero to second
|
|
Batting: RHB Wiliama Dana
|
0-0: Ball 1-0: Called Strike 1-1: Foul Ball, location: 2F 1-2: Ball 2-2: Ball 3-2: Foul Ball, location: 2F 3-2: Foul Ball, location: 2F 3-2: Strikes out looking
|
| Top of the 4th over - 1 run, 3 hits, 0 errors, 3 left on base; Oklahoma State University 1 - Wichita State University 0 |
| BOTTOM OF THE 4TH |
|
Wichita State University Shockers batting - Pitching for Oklahoma State University Cowboys : RHP Nesty Pulido
|
|
Batting: RHB Taffounnout Kame
|
0-0: Ball 1-0: Ground out 1-3 (Groundball, P, EV 70.0 MPH)
|
|
Batting: RHB Zach Maguire
|
0-0: Ball 1-0: Ball 2-0: Called Strike 2-1: Foul Ball, location: 2F 2-2: Fly out, F8 (Line Drive, 8RM, EV 93.8 MPH)
|
|
Batting: LHB Sam Williams
|
0-0: Called Strike 0-1: Ball 1-1: Ball 2-1: DOUBLE (Line Drive, 89D, EV 103.1 MPH)
|
|
Batting: RHB Alex Campos
|
0-0: Called Strike 0-1: SINGLE (Line Drive, 7S, EV 103.8 MPH) Sam Williams to third Runner from 3rd tries for Home, SAFE, throw by LF to home
|
|
Batting: RHB Kieron Clark
|
0-0: Fielders Choice at 2nd, 6-4 (Groundball, 6, EV 103.1 MPH)
|
| Bottom of the 4th over - 1 run, 2 hits, 0 errors, 1 left on base; Oklahoma State University 1 - Wichita State University 1 |
| TOP OF THE 5TH |
|
Oklahoma State University Cowboys batting - Pitching for Wichita State University Shockers : RHP Andres Guillen
|
|
Pitching: RHP Mark Fedor
|
|
|
Batting: RHB Larry Clark
|
0-0: Ball 1-0: DOUBLE (Flyball, 89D, EV 91.3 MPH)
|
|
Batting: LHB John Fortin
|
0-0: Ball 1-0: Ball 2-0: Ball 3-0: Base on Balls
|
|
Batting: LHB Ian Cranton
|
0-0: Ball 1-0: Swinging Strike 1-1: Ball 2-1: Foul Ball, location: 2F 2-2: Ball 3-2: Foul Ball, location: 2F 3-2: SINGLE (Line Drive, 78S, EV 111.3 MPH) Larry Clark to third John Fortin to second Larry Clark scores John Fortin to third
|
|
Batting: LHB Orlando Rivera
|
0-0: Ball 1-0: Ball 2-0: Ball 3-0: Base on Balls Ian Cranton to second
|
|
Batting: RHB Robbie Gomez
|
0-0: Fielders Choice at 2nd, 3-6 (Groundball, 3, EV 99.4 MPH) John Fortin scores Ian Cranton to third
|
|
Batting: SHB Chris Wagler
|
0-0: Ball 1-0: Ball 2-0: Foul Ball, location: 2F 2-1: Ball 3-1: Fly out, F9 (Flyball, 89M, EV 89.4 MPH)
|
|
Batting: RHB Mario Arriero
|
0-0: Fly out, F9 (Line Drive, 9, EV 95.0 MPH)
|
| Top of the 5th over - 2 runs, 2 hits, 0 errors, 2 left on base; Oklahoma State University 3 - Wichita State University 1 |
| BOTTOM OF THE 5TH |
|
Wichita State University Shockers batting - Pitching for Oklahoma State University Cowboys : RHP Nesty Pulido
|
|
Batting: SHB Houston Phillips
|
0-0: Called Strike 0-1: Fly out, F7 (Flyball, 7, EV 95.6 MPH)
|
|
Batting: RHB Yutaka Yamane
|
0-0: Ball 1-0: Fly out, F4 (Popup, 4, EV 78.1 MPH)
|
|
Batting: RHB Victor Ramirez
|
0-0: Ball 1-0: Foul Ball, location: 2F 1-1: Called Strike 1-2: Ball 2-2: Strikes out looking
|
| Bottom of the 5th over - 0 runs, 0 hits, 0 errors, 0 left on base; Oklahoma State University 3 - Wichita State University 1 |
| TOP OF THE 6TH |
|
Oklahoma State University Cowboys batting - Pitching for Wichita State University Shockers : RHP Mark Fedor
|
|
Batting: SHB Greg Shaw
|
0-0: Ball 1-0: Ground out 3-1 (Groundball, 34, EV 85.6 MPH)
|
|
Batting: RHB Wiliama Dana
|
0-0: Foul Ball, location: 2F 0-1: Ground out 3-1 (Groundball, 34S, EV 81.3 MPH)
|
|
Batting: RHB Larry Clark
|
0-0: Fly out, F8 (Flyball, 78M, EV 91.9 MPH)
|
| Top of the 6th over - 0 runs, 0 hits, 0 errors, 0 left on base; Oklahoma State University 3 - Wichita State University 1 |
| BOTTOM OF THE 6TH |
|
Wichita State University Shockers batting - Pitching for Oklahoma State University Cowboys : RHP Nesty Pulido
|
|
Batting: RHB Jonathan Iniguez
|
0-0: Called Strike 0-1: Ball 1-1: Foul Ball, location: 2F 1-2: Ground out 5-3 (Groundball, 56S, EV 90.6 MPH)
|
|
Batting: RHB Taffounnout Kame
|
0-0: Ground out 4-3 (Groundball, 4, EV 103.1 MPH)
|
|
Batting: RHB Zach Maguire
|
0-0: Called Strike 0-1: Called Strike 0-2: Ball 1-2: Foul Ball, location: 2F 1-2: Ball 2-2: Foul Ball, location: 2F 2-2: Foul Ball, location: 2F 2-2: Ball 3-2: SINGLE (Flyball, 8RS, EV 93.8 MPH)
|
|
Batting: LHB Sam Williams
|
0-0: Called Strike 0-1: Foul Ball, location: 2F 0-2: Ball 1-2: Strikes out swinging
|
| Bottom of the 6th over - 0 runs, 1 hit, 0 errors, 1 left on base; Oklahoma State University 3 - Wichita State University 1 |
| TOP OF THE 7TH |
|
Oklahoma State University Cowboys batting - Pitching for Wichita State University Shockers : RHP Mark Fedor
|
|
Batting: LHB John Fortin
|
0-0: Swinging Strike 0-1: Swinging Strike 0-2: Ball 1-2: Strikes out swinging
|
|
Batting: LHB Ian Cranton
|
0-0: Ball 1-0: Ball 2-0: Called Strike 2-1: Called Strike 2-2: Strikes out swinging
|
|
Batting: LHB Orlando Rivera
|
0-0: Ball 1-0: Ball 2-0: Ball 3-0: Called Strike 3-1: DOUBLE (Line Drive, 9LM, EV 112.5 MPH)
|
|
Pitching: RHP Jeremy Delka
|
|
|
Batting: RHB Robbie Gomez
|
0-0: Ball 1-0: DOUBLE (Line Drive, 9LM, EV 87.5 MPH) Orlando Rivera scores
|
|
Batting: SHB Chris Wagler
|
0-0: Fly out, F7 (Flyball, 7S, EV 85.6 MPH)
|
| Top of the 7th over - 1 run, 2 hits, 0 errors, 1 left on base; Oklahoma State University 4 - Wichita State University 1 |
| BOTTOM OF THE 7TH |
|
Wichita State University Shockers batting - Pitching for Oklahoma State University Cowboys : RHP Nesty Pulido
|
|
Batting: RHB Alex Campos
|
0-0: Ball 1-0: Ball 2-0: Called Strike 2-1: Ball 3-1: Base on Balls
|
|
Pitching: RHP Jim Crooks
|
|
|
Batting: RHB Kieron Clark
|
0-0: Called Strike 0-1: Ball 1-1: Swinging Strike 1-2: Strikes out looking
|
|
Pinch Hitting: SHB Nadhir Umayr
|
0-0: Foul Ball, location: 2F 0-1: Ball 1-1: Ball 2-1: Ball 3-1: Base on Balls Alex Campos to second
|
|
Batting: RHB Yutaka Yamane
|
0-0: Called Strike 0-1: Called Strike 0-2: Fly out, F8 (Line Drive, 8RD, EV 102.5 MPH)
|
|
Batting: RHB Victor Ramirez
|
0-0: Ball 1-0: DOUBLE (Line Drive, 5D, EV 103.1 MPH) Alex Campos scores Nadhir Umayr to third Runner from 3rd tries for Home, SAFE, throw by LF to trailing runner, OUT at third! 7-3-5
|
| Bottom of the 7th over - 2 runs, 1 hit, 0 errors, 0 left on base; Oklahoma State University 4 - Wichita State University 3 |
| TOP OF THE 8TH |
|
Oklahoma State University Cowboys batting - Pitching for Wichita State University Shockers : RHP Jeremy Delka
|
|
Now at SS: Dong-u Chang
|
|
|
Batting: RHB Mario Arriero
|
0-0: Ball 1-0: Ball 2-0: Foul Ball, location: 2F 2-1: Ball 3-1: Base on Balls
|
|
Batting: SHB Greg Shaw
|
0-0: Called Strike 0-1: Ground out U3 (Groundball, 34S, EV 87.5 MPH) Mario Arriero to second
|
|
Batting: RHB Wiliama Dana
|
0-0: Ball 1-0: Fly out, F9 (Flyball, 9LS, EV 83.1 MPH)
|
|
Batting: RHB Larry Clark
|
0-0: Foul Ball, location: 2F 0-1: Foul Ball, location: 2F 0-2: Ball 1-2: Ball 2-2: Foul Ball, location: 2F 2-2: Ball 3-2: Base on Balls
|
|
Pinch Runner at 2nd Tyler Maddux:
|
|
|
Batting: LHB John Fortin
|
0-0: Foul Ball, location: 2F 0-1: Ball 1-1: Foul Ball, location: 2F 1-2: Ball 2-2: Foul Ball, location: 2F 2-2: Ball 3-2: Foul Ball, location: 2F 3-2: Fly out, F5 (Popup, 5SF, EV 69.4 MPH)
|
| Top of the 8th over - 0 runs, 0 hits, 0 errors, 2 left on base; Oklahoma State University 4 - Wichita State University 3 |
| BOTTOM OF THE 8TH |
|
Wichita State University Shockers batting - Pitching for Oklahoma State University Cowboys : RHP Jim Crooks
|
|
Now in LF: Ed Santibanez
|
|
|
Batting: RHB Jonathan Iniguez
|
0-0: Ground out 3-1 (Groundball, 13, EV 83.1 MPH)
|
|
Batting: RHB Taffounnout Kame
|
0-0: Foul Ball, location: 2F 0-1: Ball 1-1: Ground out 4-3 (Groundball, 4, EV 83.1 MPH)
|
|
Batting: RHB Zach Maguire
|
0-0: Foul Ball, location: 2F 0-1: Ball 1-1: Foul Ball, location: 2F 1-2: Hit by Pitch
|
|
Batting: LHB Sam Williams
|
0-0: Called Strike 0-1: Ball 1-1: Swinging Strike 1-2: Foul Ball, location: 2F 1-2: Foul Ball, location: 2F 1-2: Foul Ball, location: 2F 1-2: Ball 2-2: Ball 3-2: Strikes out swinging
|
| Bottom of the 8th over - 0 runs, 0 hits, 0 errors, 1 left on base; Oklahoma State University 4 - Wichita State University 3 |
| TOP OF THE 9TH |
|
Oklahoma State University Cowboys batting - Pitching for Wichita State University Shockers : RHP Jeremy Delka
|
|
Pitching: LHP Dzintars Balodis
|
|
|
Pinch Hitting: RHB Kinzo Yokoyama
|
0-0: Fly out, F2 (Popup, 3SF, EV 78.1 MPH)
|
|
Batting: LHB Orlando Rivera
|
0-0: Swinging Strike 0-1: Ball 1-1: Foul Ball, location: 2F 1-2: Foul Ball, location: 2F 1-2: Ball 2-2: SINGLE (Groundball, 34D, EV 85.0 MPH) (infield hit)
|
|
Batting: RHB Robbie Gomez
|
0-0: Ball 1-0: Ball 2-0: Called Strike 2-1: Foul Ball, location: 2F 2-2: SINGLE (Groundball, 56D, EV 95.0 MPH) Orlando Rivera to second Runner from 2nd tries for 3rd, OUT! 7-5 Robbie Gomez to second
|
|
Batting: SHB Chris Wagler
|
0-0: Called Strike 0-1: Ball 1-1: Foul Ball, location: 2F 1-2: Ball 2-2: Ball 3-2: Strikes out swinging
|
| Top of the 9th over - 0 runs, 2 hits, 0 errors, 1 left on base; Oklahoma State University 4 - Wichita State University 3 |
| BOTTOM OF THE 9TH |
|
Wichita State University Shockers batting - Pitching for Oklahoma State University Cowboys : RHP Jim Crooks
|
|
Pitching: LHP Fadeuka Aleev
|
|
|
Now at 1B: Robbie Gomez
|
|
|
Now in RF: Kinzo Yokoyama
|
|
|
Batting: RHB Alex Campos
|
0-0: Ball 1-0: Swinging Strike 1-1: Foul Ball, location: 2F 1-2: Strikes out swinging
|
|
Batting: RHB Kieron Clark
|
0-0: Swinging Strike 0-1: Swinging Strike 0-2: Ball 1-2: Ball 2-2: Foul Ball, location: 2F 2-2: Foul Ball, location: 2F 2-2: Ball 3-2: Foul Ball, location: 2F 3-2: Foul Ball, location: 2F 3-2: Strikes out swinging
|
|
Pinch Hitting: RHB Jason Baldwin
|
0-0: Called Strike 0-1: Foul Ball, location: 2F 0-2: Fly out, F6 (Line Drive, 6, EV 63.1 MPH)
|
| Bottom of the 9th over - 0 runs, 0 hits, 0 errors, 0 left on base; Oklahoma State University 4 - Wichita State University 3 |
|